[Event "Titled Tuesday Blitz August 22 Early 2023"]
[White "Zheng, Richard"]
[Black "Maus7"]
[WhiteFideId "2624893"]
[WhiteElo "2572"]
[BlackElo "2458"]
[Result "0-1"]
[Round "5"]
[TimeControl "180+1"]
[Date "2023.08.22"]
[WhiteClock "0:00:19"]
[BlackClock "0:00:07"]
[Board "112"]

1. d4 Nf6 2. Bg5 d5 3. e3 c5 4. Bxf6 gxf6 5. dxc5 e6 6. Nf3 Bxc5 7. Nbd2 Nc6 8. a3 Be7 9. c4 d4 10. exd4 Nxd4 11. Nxd4 Qxd4 12. Qc2 f5 13. Nf3 Qf6 14. Be2 Bd7 15. O-O O-O 16. Rfd1 Bc6 17. Nd4 Be4 18. Qc3 Rfd8 19. Bf3 Bxf3 20. gxf3 Bc5 21. Nb3 Qxc3 22. bxc3 Rxd1+ 23. Rxd1 Bxa3 24. c5 Rc8 25. Rd7 Bxc5 26. Rxb7 Bb6 27. Nd4 Rxc3 28. Nb5 Rxf3 29. Nd6 Rxf2 30. Rxb6 axb6 31. Kxf2 Kg7 32. Ke3 Kf6 33. Kd4 Kg5 34. Ke3 Kg4 35. Kf2 f6 36. Nc4 b5 37. Ne3+ Kf4 38. Nc2 Ke4 39. Nb4 Kd4 40. Ke2 Kc3 41. Nc6 b4 42. Kd1 b3 43. Kc1 f4 44. Na5 f3 45. Nxb3 Kxb3 46. Kd2 Kc4 47. Ke3 Kd5 48. Kxf3 Ke5 49. Ke3 Kf5 50. Kf3 Kg5 51. Ke3 Kh4 52. Kf2 Kh3 53. Kg1 f5 54. Kh1 h5 55. Kg1 e5 56. Kh1 e4 57. Kg1 f4 58. Kh1 e3 59. Kg1 f3 60. Kf1 Kxh2 61. Ke1 Kg2 0-1


[Site "https://www.chess.com"]

[Event "Titled Tuesday Blitz August 22 Early 2023"]
[White "Suder, Jakub"]
[Black "Sai Han Thiha"]
[WhiteFideId "1195310"]
[BlackFideId "13012290"]
[WhiteElo "2570"]
[BlackElo "2447"]
[Result "1/2-1/2"]
[Round "5"]
[TimeControl "180+1"]
[Date "2023.08.22"]
[WhiteClock "0:00:53"]
[BlackClock "0:00:07"]
[Board "113"]

1. d4 Nf6 2. c4 e6 3. Nc3 Bb4 4. f3 d5 5. a3 Bxc3+ 6. bxc3 O-O 7. cxd5 exd5 8. e3 c5 9. Bd3 b6 10. Ne2 Ba6 11. O-O Bxd3 12. Qxd3 Re8 13. Ng3 Nc6 14. Bb2 h5 15. e4 c4 16. Qc2 dxe4 17. fxe4 h4 18. Nf5 Nxe4 19. Rae1 Nd6 20. Rxe8+ Nxe8 21. Bc1 Nd6 22. Nxd6 Qxd6 23. Qf5 Qe6 24. Qf3 Rd8 25. Bg5 f6 26. Bxh4 Qd5 27. Qg4 Kf7 28. Qf4 Qd6 29. Qf5 Rh8 30. Bg3 Qe6 31. Qf4 Ne7 32. Re1 Nd5 33. Qf1 Qg4 34. Qxc4 Qf5 35. Qc6 Kg6 36. c4 Nf4 37. Qf3 Nd3 38. Qxf5+ Kxf5 39. Re7 Nb2 40. c5 bxc5 41. dxc5 Rc8 42. Rc7 Rd8 43. h3 g5 44. Rxa7 Rd1+ 45. Kh2 Nc4 46. Bf2 Rf1 47. Bd4 Rd1 48. Rd7 Ne5 49. Rd6 Rc1 50. Bxe5 Kxe5 51. Rc6 f5 52. Rc8 Rc4 53. c6 Kd6 54. Kg3 Rc3+ 55. Kf2 Rxa3 56. c7 Ra2+ 57. Kf3 Ra3+ 58. Kf2 Kd7 59. Rf8 Kxc7 60. Rxf5 g4 61. h4 g3+ 62. Ke2 Kd6 63. Rg5 Ke6 64. h5 Kf6 65. Rg6+ Kf7 66. Rg4 Ra5 67. h6 Rh5 68. Rg7+ Kf6 69. Rh7 Kg6 70. Rh8 Rxh6 71. Ra8 Kf5 72. Kf3 Rd6 73. Ra5+ Kg6 74. Ra4 Rd3+ 75. Kg4 Rb3 76. Ra6+ Kg7 77. Rc6 Kf7 78. Rc2 Kg7 79. Re2 Kg6 80. Re6+ Kf7 81. Rh6 Kg7 82. Rh3 Kg6 83. Rh1 Rb4+ 84. Kxg3 Kg5 85. Ra1 Rb3+ 86. Kh2 Rb2 87. Ra5+ Kg4 88. Ra4+ Kg5 89. Kh3 Rb3+ 90. g3 Rb1 91. Ra5+ Kg6 92. Kh4 Rb4+ 93. g4 Kg7 94. Ra7+ Kg8 95. Kh5 Rb5+ 96. g5 Rb6 97. Rc7 Ra6 98. Kg4 Ra4+ 99. Kf5 Ra6 100. Rd7 Rb6 101. Ra7 Rd6 102. Ke5 Rb6 103. Rc7 Ra6 104. Rb7 Rc6 105. Kf5 Rd6 106. Kg4 Ra6 107. Kh5 Rc6 108. Rb1 Kg7 109. Rb7+ Kg8 110. Ra7 Rb6 111. g6 Rb1 112. Ra8+ Kg7 113. Ra7+ Kg8 114. Ra4 Rh1+ 115. Kg5 Rg1+ 116. Kf6 Rf1+ 117. Ke6 Re1+ 118. Kf6 Rf1+ 119. Ke6 Re1+ 120. Kf6 Rf1+ 1/2-1/2


[Site "https://www.chess.com"]

[Event "Titled Tuesday Blitz August 22 Early 2023"]
[White "Goltseva, Ekaterina"]
[Black "LeoLV10"]
[WhiteFideId "24173770"]
[WhiteElo "2565"]
[BlackElo "2446"]
[Result "0-1"]
[Round "5"]
[TimeControl "180+1"]
[Date "2023.08.22"]
[WhiteClock "0:00:00"]
[BlackClock "0:00:05"]
[Board "114"]

1. d4 Nf6 2. Nf3 e6 3. c4 b6 4. g3 Bb7 5. Bg2 Be7 6. O-O O-O 7. Re1 d5 8. Ne5 Nbd7 9. Nc3 c6 10. Bf4 Nxe5 11. dxe5 Nd7 12. cxd5 cxd5 13. e4 d4 14. Qxd4 Bc5 15. Qd2 Bb4 16. Rad1 Nc5 17. a3 Qxd2 18. Bxd2 Bxc3 19. Bxc3 Rfd8 20. f3 Bc6 21. Bf1 Ba4 22. Rxd8+ Rxd8 23. Kf2 Nd3+ 24. Bxd3 Rxd3 25. Re3 Rd8 26. Re2 Kf8 27. Rd2 Rc8 28. Ke3 Ke8 29. f4 g6 30. g4 Bd7 31. Bb4 Rc4 32. Rd4 Rc1 33. Rd2 Rg1 34. Kf3 Rf1+ 35. Kg3 Bc6 36. Re2 Rg1+ 37. Kf3 Rd1 38. Bc3 Bb5 39. Rd2 Rf1+ 40. Rf2 Rg1 41. h3 Bf1 42. Rh2 Bc4 43. Rd2 Rf1+ 44. Kg3 Rg1+ 45. Kf3 Rc1 46. Rf2 Bb5 47. Rd2 Bd7 48. Ke3 Bc6 49. Kf3 Rf1+ 50. Kg3 Bxe4 51. Rf2 Rg1+ 52. Kh2 Rh1+ 53. Kg3 Bd5 54. Kh4 Rd1 55. Kg3 Rd3+ 56. Kh2 h5 57. f5 hxg4 58. hxg4 gxf5 59. gxf5 Be4 60. fxe6 fxe6 61. Rf6 Bf5 62. Kg2 a6 63. Rh6 b5 64. Rh8+ Kd7 65. Ra8 Be4+ 66. Kf2 Bxa8 0-1


[Site "https://www.chess.com"]

[Event "Titled Tuesday Blitz August 22 Early 2023"]
[White "Najdin, Danil"]
[Black "Rosh Jain"]
[WhiteFideId "4172426"]
[BlackFideId "25789465"]
[WhiteElo "2561"]
[BlackElo "2446"]
[Result "0-1"]
[Round "5"]
[TimeControl "180+1"]
[Date "2023.08.22"]
[WhiteClock "0:00:00"]
[BlackClock "0:00:02"]
[Board "115"]

1. d4 Nf6 2. c4 e6 3. Bf4 Bb4+ 4. Nd2 d5 5. e3 O-O 6. Nf3 b6 7. a3 Bd6 8. Bxd6 Qxd6 9. Bd3 Bb7 10. O-O Nbd7 11. Qc2 e5 12. dxe5 Nxe5 13. Nxe5 Qxe5 14. Nf3 Qh5 15. c5 Rad8 16. cxb6 cxb6 17. Rfd1 Rfe8 18. Rac1 Re7 19. Qa4 d4 20. Nxd4 Qg4 21. Bf1 Re5 22. h3 Qg6 23. Nc6 Rxd1 24. Rxd1 Bxc6 25. Qxc6 Re8 26. Qb7 Qc2 27. Rd4 Qxb2 28. Qxa7 g6 29. Qc7 Ne4 30. Qf4 f5 31. Kh2 Qxa3 32. Bc4+ Kh8 0-1


[Site "https://www.chess.com"]

[Event "Titled Tuesday Blitz August 22 Early 2023"]
[White "Siniauski, Artsiom"]
[Black "Arencibia Monduy, Antonio"]
[WhiteFideId "13512269"]
[BlackFideId "3507939"]
[WhiteElo "2561"]
[BlackElo "2444"]
[Result "1-0"]
[Round "5"]
[TimeControl "180+1"]
[Date "2023.08.22"]
[WhiteClock "0:00:46"]
[BlackClock "0:00:00"]
[Board "116"]

1. e4 c5 2. Nf3 d6 3. Bb5+ Bd7 4. Bxd7+ Qxd7 5. c4 Nc6 6. Nc3 g6 7. d4 cxd4 8. Nxd4 Bg7 9. Be3 Nxd4 10. Bxd4 Nf6 11. O-O O-O 12. Rc1 a6 13. a4 Rac8 14. b3 Qc6 15. Qd3 Rfe8 16. f3 Nd7 17. Bxg7 Kxg7 18. Nd5 Kg8 19. h4 Nb6 20. h5 Nxd5 21. exd5 Qc5+ 22. Kh1 e5 23. Qc3 b5 24. f4 bxc4 25. bxc4 f5 26. Rfe1 exf4 27. h6 Qc7 28. Qf6 Qf7 29. Qxd6 Rxe1+ 30. Rxe1 Qf8 31. Qe6+ Kh8 32. Qe5+ Kg8 33. Qxf4 1-0


[Site "https://www.chess.com"]

[Event "Titled Tuesday Blitz August 22 Early 2023"]
[White "Rietze, Clemens, Dr."]
[Black "maksimys18"]
[WhiteFideId "24620351"]
[WhiteElo "2443"]
[BlackElo "2561"]
[Result "1-0"]
[Round "5"]
[TimeControl "180+1"]
[Date "2023.08.22"]
[WhiteClock "0:00:19"]
[BlackClock "0:00:22"]
[Board "117"]

1. d4 e6 2. c4 d5 3. Nf3 Nf6 4. Nc3 Be7 5. Bf4 O-O 6. e3 b6 7. Be2 Nbd7 8. O-O Bb7 9. Qc2 c5 10. cxd5 Nxd5 11. Nxd5 Bxd5 12. e4 Bb7 13. Rad1 cxd4 14. Rxd4 Bc5 15. Rd2 Qe7 16. Rfd1 Nf6 17. e5 Nd5 18. Bg5 Qc7 19. a3 Rac8 20. Qa4 h6 21. Qh4 Be7 22. Bxe7 Qxe7 23. Qg4 Rc7 24. Bd3 Rfc8 25. h4 Rc1 26. h5 Rxd1+ 27. Rxd1 f5 28. exf6 Nxf6 29. Qh3 e5 30. Bb1 Rd8 31. Re1 e4 32. Ba2+ Kh7 33. Qf5+ Kh8 34. Ne5 Qc5 35. Ng6+ Kh7 36. Nf8+ Kh8 37. Qh7+ Nxh7 38. Ng6# 1-0


[Site "https://www.chess.com"]

[Event "Titled Tuesday Blitz August 22 Early 2023"]
[White "Santos Flores, Alberto"]
[Black "MateoReyes"]
[WhiteFideId "3601234"]
[WhiteElo "2558"]
[BlackElo "2438"]
[Result "1-0"]
[Round "5"]
[TimeControl "180+1"]
[Date "2023.08.22"]
[WhiteClock "0:00:29"]
[BlackClock "0:01:01"]
[Board "118"]

1. e4 c5 2. Nf3 d6 3. Bb5+ Nd7 4. d4 cxd4 5. Qxd4 Nf6 6. Nc3 a6 7. Bxd7+ Bxd7 8. Bg5 e6 9. O-O Be7 10. Rad1 Qc7 11. e5 dxe5 12. Nxe5 Rd8 13. Nxd7 Rxd7 14. Qa4 Qc6 15. Qxc6 bxc6 16. b3 h6 17. Bxf6 gxf6 18. Rxd7 Kxd7 19. Rd1+ Kc7 20. Kf1 f5 21. Na4 Rg8 22. Rd3 Bd6 23. g3 h5 24. Nb2 h4 25. Nc4 hxg3 26. hxg3 Be7 27. Ne5 Rd8 28. Rxd8 Bxd8 29. Nxf7 Bf6 30. f4 Kb6 31. Ke2 Kb5 32. Kd3 Kc5 33. Ng5 Kd6 34. Nf3 Bb2 35. c3 Bc1 36. Ne5 Kc7 37. Nc4 e5 38. Nxe5 c5 39. Nc4 1-0


[Site "https://www.chess.com"]

[Event "Titled Tuesday Blitz August 22 Early 2023"]
[White "Nilsen, Tobias Lang"]
[Black "Hnydiuk, Aleksander"]
[WhiteFideId "1521624"]
[BlackFideId "1109057"]
[WhiteElo "2435"]
[BlackElo "2557"]
[Result "1-0"]
[Round "5"]
[TimeControl "180+1"]
[Date "2023.08.22"]
[WhiteClock "0:00:26"]
[BlackClock "0:00:00"]
[Board "119"]

1. e4 Nf6 2. e5 Nd5 3. Nc3 c6 4. Nxd5 cxd5 5. Qf3 e6 6. Qg3 Nc6 7. c3 d6 8. exd6 Qxd6 9. d4 Qxg3 10. hxg3 Bd6 11. Nf3 Bd7 12. Bd3 Ke7 13. Bf4 Bxf4 14. gxf4 h6 15. Kd2 Rhc8 16. a4 Na5 17. Ra3 Nc4+ 18. Bxc4 Rxc4 19. a5 Bb5 20. g4 Rcc8 21. Raa1 f6 22. Ke3 Be8 23. g5 hxg5 24. fxg5 Bg6 25. gxf6+ gxf6 26. Rag1 Kf7 27. Rh6 Be4 28. Nd2 Bf5 29. Nf3 Rh8 30. Rgh1 Rxh6 31. Rxh6 b6 32. Rh1 Be4 33. Ra1 Rh8 34. Nd2 Rh3+ 35. f3 Bf5 36. axb6 axb6 37. Ra7+ Kg6 38. Rb7 Rh2 39. Rxb6 Kf7 40. b4 Bc2 41. b5 Bd1 42. Rb7+ Kg6 43. b6 f5 44. Rb8 f4+ 45. Kxf4 Rxd2 46. b7 Rb2 47. Rg8+ Kf7 48. b8=Q Rxb8 49. Rxb8 Bc2 50. Ke5 Bf5 51. f4 Kg6 52. Rf8 1-0


[Site "https://www.chess.com"]

[Event "Titled Tuesday Blitz August 22 Early 2023"]
[White "Chor, Kevin"]
[Black "Eggleston, Thomas A"]
[WhiteFideId "2090740"]
[BlackFideId "412139"]
[WhiteElo "2557"]
[BlackElo "2434"]
[Result "1-0"]
[Round "5"]
[TimeControl "180+1"]
[Date "2023.08.22"]
[WhiteClock "0:00:02"]
[BlackClock "0:00:00"]
[Board "120"]

1. d4 Nf6 2. Nf3 Ne4 3. c4 c5 4. g3 g6 5. Bg2 Bg7 6. O-O O-O 7. Nc3 Nxc3 8. bxc3 d6 9. Qc2 Nc6 10. Rd1 Qc7 11. e4 Bg4 12. Be3 Na5 13. h3 Be6 14. d5 Bd7 15. Nd2 f5 16. f4 fxe4 17. Nxe4 Nxc4 18. Bf2 b5 19. Ng5 Bf5 20. Qe2 Bxc3 21. Rac1 Bf6 22. Ne6 Qa5 23. Nxf8 Rxf8 24. g4 Bc8 25. g5 Bg7 26. Qxe7 Qxa2 27. Re1 Bf5 28. Bg3 a5 29. Re2 Qb3 30. Rce1 Qxg3 31. Qc7 Qxf4 32. Re8 Bd4+ 33. Kh1 Bd7 34. Qxd7 Qf5 35. Rxf8+ 1-0


[Site "https://www.chess.com"]

[Event "Titled Tuesday Blitz August 22 Early 2023"]
[White "Farmani Anosheh, Armin"]
[Black "Shukhman, Anna"]
[WhiteFideId "24613240"]
[BlackFideId "54180058"]
[WhiteElo "2431"]
[BlackElo "2556"]
[Result "0-1"]
[Round "5"]
[TimeControl "180+1"]
[Date "2023.08.22"]
[WhiteClock "0:00:05"]
[BlackClock "0:01:49"]
[Board "121"]

1. e4 c5 2. Nf3 a6 3. c4 Nc6 4. d4 cxd4 5. Nxd4 Nf6 6. Nc3 e5 7. Nc2 Bc5 8. Be2 d6 9. O-O Be6 10. Rb1 Rc8 11. b4 Ba7 12. Nd5 Nxe4 13. Qd3 Nf6 14. Bg5 Bxd5 15. Bxf6 Qxf6 16. Qxd5 O-O 17. Rbd1 Rfd8 18. Bg4 Ne7 19. Qxb7 Rxc4 20. Na3 Rxg4 21. Qxa7 Qf3 22. g3 Nf5 23. Nc4 Rxc4 24. Qxa6 Nh4 25. Qb7 Qxb7 0-1


[Site "https://www.chess.com"]

[Event "Titled Tuesday Blitz August 22 Early 2023"]
[White "Goldin, Roman"]
[Black "To, Nhat Minh"]
[WhiteFideId "2803860"]
[BlackFideId "729019"]
[WhiteElo "2430"]
[BlackElo "2546"]
[Result "0-1"]
[Round "5"]
[TimeControl "180+1"]
[Date "2023.08.22"]
[WhiteClock "0:00:00"]
[BlackClock "0:00:57"]
[Board "122"]

1. e4 c5 2. Nf3 d6 3. Bc4 Nf6 4. e5 dxe5 5. Nxe5 e6 6. Qe2 a6 7. a4 Bd6 8. f4 Qc7 9. d3 Nc6 10. Nxc6 Qxc6 11. O-O O-O 12. Nc3 b6 13. Bd2 Bb7 14. Rae1 Rad8 15. Rf3 Nd5 16. Ne4 b5 17. Ba2 Be7 18. axb5 axb5 19. c3 Nf6 20. Ng5 c4 21. Bb1 h6 22. Nh3 cxd3 23. Rxd3 Rxd3 24. Bxd3 Rd8 25. Bc2 Bc5+ 26. Kf1 Ng4 27. Qxg4 Rxd2 28. Be4 Qd7 29. Qf3 Bxe4 30. Qxe4 Rxb2 31. f5 exf5 32. Qe8+ Qxe8 33. Rxe8+ Kh7 0-1


[Site "https://www.chess.com"]

[Event "Titled Tuesday Blitz August 22 Early 2023"]
[White "Keleberda, Tymur"]
[Black "Llanos, Guillermo"]
[WhiteFideId "14174294"]
[BlackFideId "100358"]
[WhiteElo "2542"]
[BlackElo "2429"]
[Result "0-1"]
[Round "5"]
[TimeControl "180+1"]
[Date "2023.08.22"]
[WhiteClock "0:00:00"]
[BlackClock "0:01:10"]
[Board "123"]

1. e4 Nf6 2. e5 Nd5 3. c4 Nb6 4. d4 d6 5. exd6 cxd6 6. Be3 g6 7. Nc3 Bg7 8. b3 O-O 9. Rc1 Bf5 10. g4 Bd7 11. Bg2 Nc6 12. d5 Ne5 13. h3 f5 14. f4 Nexc4 15. bxc4 Nxc4 16. Qe2 Nxe3 17. Qxe3 fxg4 18. Nge2 Qb6 19. Qxb6 axb6 20. hxg4 Bxg4 21. Bh3 Bxh3 22. Rxh3 Bxc3+ 23. Rcxc3 Rxa2 24. Rc7 Rf7 25. Rh4 Ra1+ 26. Kd2 Ra5 27. Nc3 Rc5 28. Rxb7 Rc4 29. Ne2 Rc5 30. Rb8+ Kg7 31. Nc3 Rc4 32. Rxb6 Rcxf4 33. Rxf4 Rxf4 34. Rb7 Rf7 35. Ke3 Kf6 36. Kf4 g5+ 37. Kg4 Kg6 38. Ne2 h5+ 39. Kg3 Kf5 40. Rb8 h4+ 41. Kh3 Ke5 42. Rg8 Rf5 43. Nc3 Kd4 44. Kg4 Re5 45. Nb5+ Kxd5 46. Nc7+ Kc6 47. Ne8 d5 48. Ng7 d4 49. Rd8 Rd5 50. Rc8+ Kd7 0-1


[Site "https://www.chess.com"]

[Event "Titled Tuesday Blitz August 22 Early 2023"]
[White "Namitbir Singh Walia"]
[Black "Yelisieiev, Yevhenii"]
[WhiteFideId "35071068"]
[BlackFideId "14139642"]
[WhiteElo "2426"]
[BlackElo "2540"]
[Result "0-1"]
[Round "5"]
[TimeControl "180+1"]
[Date "2023.08.22"]
[WhiteClock "0:00:02"]
[BlackClock "0:00:30"]
[Board "124"]

1. e4 d6 2. d4 Nf6 3. Nc3 e5 4. dxe5 dxe5 5. Qxd8+ Kxd8 6. Bc4 Ke8 7. Nge2 c6 8. f3 b5 9. Bb3 a5 10. a3 Nbd7 11. Be3 Bc5 12. Kf2 Bxe3+ 13. Kxe3 Nc5 14. Ba2 Ke7 15. Rad1 b4 16. Nb1 Ba6 17. Ng3 g6 18. h4 h5 19. Rd2 Rab8 20. axb4 Rxb4 21. c3 Rb7 22. Rhd1 Rhb8 23. Na3 Rxb2 24. Bc4 Bc8 25. Nf1 a4 26. Ke2 Ncxe4 27. fxe4 Bg4+ 28. Ke3 Bxd1 29. Rxd1 Rxg2 30. Rd2 Rg4 31. Rf2 Rxe4+ 32. Kd3 Rxh4 33. Nd2 Rf4 34. Re2 e4+ 35. Nxe4 Rd8+ 0-1


[Site "https://www.chess.com"]

[Event "Titled Tuesday Blitz August 22 Early 2023"]
[White "subham777"]
[Black "Zenin, Dmitry"]
[BlackFideId "4127897"]
[WhiteElo "2535"]
[BlackElo "2425"]
[Result "1/2-1/2"]
[Round "5"]
[TimeControl "180+1"]
[Date "2023.08.22"]
[WhiteClock "0:00:05"]
[BlackClock "0:00:33"]
[Board "125"]

1. e4 e5 2. Nf3 Nc6 3. Bc4 Bc5 4. c3 Nf6 5. d3 a6 6. Nbd2 Ba7 7. Nf1 O-O 8. Ng3 d5 9. exd5 Nxd5 10. O-O Kh8 11. Ng5 f6 12. N5e4 Na5 13. Qh5 Nxc4 14. dxc4 Ne7 15. Rd1 Qe8 16. Qe2 Be6 17. b3 Qc6 18. Be3 Bxe3 19. Qxe3 b6 20. Qe2 a5 21. Rd2 a4 22. Rad1 axb3 23. axb3 h6 24. Nh5 Ng6 25. Qe3 Kh7 26. Qf3 Qe8 27. Nexf6+ gxf6 28. Nxf6+ Rxf6 29. Qxf6 Nf8 30. Rd8 Rxd8 31. Rxd8 Qg6 32. Qe7+ Bf7 33. h3 Ne6 34. Rd7 Kg7 35. Kh2 Qf6 36. Qxf6+ Kxf6 37. Rd3 Nc5 38. Rf3+ Ke7 39. b4 Nd7 40. Re3 Bxc4 41. f4 Kf6 42. fxe5+ Nxe5 43. g4 Be6 44. Kg3 c5 45. h4 Bxg4 46. Rxe5 Kxe5 47. Kxg4 Ke4 48. Kh5 Kd3 49. Kxh6 Kxc3 50. bxc5 bxc5 51. Kg6 Kd3 52. h5 c4 53. h6 c3 54. h7 c2 55. h8=Q c1=Q 56. Qd8+ Kc2 57. Qc7+ Kd2 58. Qd6+ Kc2 59. Qc5+ Kd2 60. Qd4+ Kc2 61. Kf5 Qd2 62. Qa4+ Kc3 63. Qa3+ Kc4 64. Qa6+ Kc3 65. Qc6+ Kb3 66. Qb5+ Kc3 67. Ke4 Qd4+ 68. Kf5 Qd3+ 69. Qxd3+ Kxd3 1/2-1/2


[Site "https://www.chess.com"]

[Event "Titled Tuesday Blitz August 22 Early 2023"]
[White "Baghdasaryan, Vahe"]
[Black "Kashefi, Amir Hosein"]
[WhiteFideId "13303139"]
[BlackFideId "12557935"]
[WhiteElo "2424"]
[BlackElo "2531"]
[Result "0-1"]
[Round "5"]
[TimeControl "180+1"]
[Date "2023.08.22"]
[WhiteClock "0:00:08"]
[BlackClock "0:01:58"]
[Board "126"]

1. e4 c6 2. c4 d5 3. exd5 cxd5 4. cxd5 Nf6 5. Nc3 Nxd5 6. Nf3 Nc6 7. d4 e6 8. Bd3 Bb4 9. O-O O-O 10. Bc2 Nf6 11. Qd3 Be7 12. a3 b6 13. Bg5 g6 14. Bh6 Re8 15. Rad1 Bb7 16. Rfe1 Rc8 17. Ba4 a6 18. Bxc6 Bxc6 19. Qxa6 Bxf3 20. gxf3 Nd5 21. Qd3 Bg5 22. Bxg5 Qxg5+ 23. Kh1 Nf4 24. Qf1 Red8 25. Re5 Qh4 26. Qg1 Nh3 27. Qg3 Nxf2+ 28. Kg2 Qxg3+ 29. hxg3 Nxd1 30. Nxd1 Rxd4 31. Ne3 Rd2+ 32. Kh3 Rxb2 33. Nc4 Rxc4 34. a4 Rxa4 35. g4 Rb3 36. g5 Rxf3+ 37. Kg2 Rf5 38. Kh1 Rxe5 39. Kh2 Re3 40. Kg2 Ra2+ 41. Kf1 Rc3 0-1


[Site "https://www.chess.com"]

[Event "Titled Tuesday Blitz August 22 Early 2023"]
[White "Pershina, Elena"]
[Black "Shishkov, Andrei"]
[WhiteFideId "24147516"]
[BlackFideId "4500563"]
[WhiteElo "2423"]
[BlackElo "2530"]
[Result "1/2-1/2"]
[Round "5"]
[TimeControl "180+1"]
[Date "2023.08.22"]
[WhiteClock "0:00:14"]
[BlackClock "0:00:15"]
[Board "127"]

1. c4 e6 2. g3 d5 3. Bg2 dxc4 4. Qa4+ Nd7 5. Qxc4 Ngf6 6. Nf3 c5 7. O-O b6 8. d4 Bb7 9. Rd1 Rc8 10. Nc3 cxd4 11. Qxd4 Bc5 12. Qh4 O-O 13. Bg5 Be7 14. Ne5 Bxg2 15. Kxg2 h6 16. Nxd7 hxg5 17. Nxf6+ Bxf6 18. Rxd8 gxh4 19. Rd7 Bxc3 20. bxc3 Rxc3 21. Rxa7 Rc2 22. Kf3 Rfc8 23. gxh4 R8c3+ 24. e3 Rc5 25. Rf1 Rb5 26. a4 Rb4 27. a5 bxa5 28. Rxa5 Rxh4 29. Kg3 Rb4 30. Ra7 Rbb2 31. h3 g6 32. Rd7 Kg7 33. Ra7 Kf6 34. Rd7 e5 35. Ra7 Ke6 36. Ra4 f6 37. Ra6+ Kf5 38. e4+ Kxe4 39. Rxf6 Rc3+ 40. f3+ Ke3 41. Rxg6 Rcc2 42. Re6 Rg2+ 43. Kh4 Kf4 44. Rf6+ Ke3 45. Re6 Kf4 46. Rf6+ Ke3 47. Re6 1/2-1/2


[Site "https://www.chess.com"]

[Event "Titled Tuesday Blitz August 22 Early 2023"]
[White "Romero Ruscalleda, Josep"]
[Black "Sreyas Payyappat"]
[WhiteFideId "2231859"]
[BlackFideId "46674969"]
[WhiteElo "2421"]
[BlackElo "2525"]
[Result "0-1"]
[Round "5"]
[TimeControl "180+1"]
[Date "2023.08.22"]
[WhiteClock "0:00:00"]
[BlackClock "0:00:04"]
[Board "128"]

1. e4 c6 2. Nc3 d5 3. Nf3 dxe4 4. Nxe4 Nf6 5. Qe2 Nxe4 6. Qxe4 Bd7 7. Bc4 e6 8. d4 Bd6 9. O-O b5 10. Bd3 Na6 11. a3 Nc7 12. Ne5 Nd5 13. Bd2 Nf6 14. Qh4 h6 15. Rae1 Qc7 16. Bg5 Nd5 17. Bd2 Be7 18. Qh5 g6 19. Bxg6 fxg6 20. Qxg6+ Kd8 21. Nf7+ Kc8 22. Nxh8 Kb7 23. Nf7 Rf8 24. Ne5 Bc8 25. Bxh6 Rh8 26. Qg7 Re8 27. Bg5 Bxg5 28. Qxg5 Qh7 29. Qg6 Qh8 30. c4 bxc4 31. Nxc4 Rg8 32. Qf7+ Ka8 33. Re5 Rg7 34. Qf3 Qg8 35. Rfe1 c5 36. Nd6 Bd7 37. dxc5 Bc6 38. g3 Rg6 39. Rxe6 Rxe6 40. Rxe6 Ne7 0-1


[Site "https://www.chess.com"]

[Event "Titled Tuesday Blitz August 22 Early 2023"]
[White "Dwilewicz, Katarzyna"]
[Black "Lehtosaari, Mauri"]
[WhiteFideId "1148486"]
[BlackFideId "501999"]
[WhiteElo "2418"]
[BlackElo "2524"]
[Result "1-0"]
[Round "5"]
[TimeControl "180+1"]
[Date "2023.08.22"]
[WhiteClock "0:00:10"]
[BlackClock "0:00:01"]
[Board "129"]

1. e4 d5 2. exd5 Qxd5 3. Nf3 Bg4 4. Be2 Bxf3 5. Bxf3 Qe5+ 6. Qe2 Qxe2+ 7. Kxe2 c6 8. d4 Nf6 9. c4 g6 10. Nc3 Bg7 11. Be3 O-O 12. Rhd1 Nbd7 13. Rac1 e5 14. d5 cxd5 15. cxd5 Rfe8 16. g3 a6 17. Bg2 Ng4 18. h3 Nxe3 19. fxe3 Rac8 20. e4 Bh6 21. Rc2 b5 22. a3 Nb6 23. Kd3 Nc4 24. Re1 Red8 25. Nb1 Nd6 26. b3 Nb7 27. b4 Nd6 28. Rc5 Nc4 29. Kc3 Kf8 30. Bf1 Nd6 31. Kb3 Ke8 32. Bd3 Bf8 33. Rec1 Kd7 34. Rc6 Bh6 35. R1c2 Be3 36. Nc3 Bd4 37. Ne2 Ra8 38. Rc7+ Ke8 39. Nxd4 exd4 40. e5 Nf5 41. d6 Ne3 42. Re7+ Kf8 43. Rf2 f5 44. exf6 Rxd6 45. Rxh7 Kg8 46. Rg7+ Kf8 47. Bxg6 Nd5 48. Rh7 Kg8 49. f7+ Kf8 50. Rh8+ Ke7 51. Rxa8 Rc6 52. f8=Q+ 1-0


[Site "https://www.chess.com"]

[Event "Titled Tuesday Blitz August 22 Early 2023"]
[White "Rom, Jasper"]
[Black "ArtemDyachuk"]
[WhiteFideId "2023733"]
[WhiteElo "2415"]
[BlackElo "2522"]
[Result "0-1"]
[Round "5"]
[TimeControl "180+1"]
[Date "2023.08.22"]
[WhiteClock "0:00:00"]
[BlackClock "0:00:16"]
[Board "130"]

1. e4 c6 2. Nc3 d5 3. Nf3 dxe4 4. Nxe4 Nd7 5. Bc4 Ngf6 6. Neg5 e6 7. Qe2 Nb6 8. Bb3 Nfd5 9. d4 Bb4+ 10. Kf1 Bd6 11. c4 Nf4 12. Qe4 f5 13. Qe3 h6 14. Nxe6 Bxe6 15. c5 Qd7 16. cxd6 Nfd5 17. Qe5 O-O-O 18. a4 Rhe8 19. a5 Nc4 20. Bxc4 Ne3+ 21. Bxe3 Bxc4+ 22. Kg1 Rxe5 23. dxe5 Bd5 24. Bxa7 f4 25. Nd4 f3 26. gxf3 Rf8 27. Ra3 Qf7 28. Bc5 Qg6+ 29. Kf1 Bc4+ 30. Ke1 Qb1+ 31. Kd2 Qxh1 32. d7+ Kxd7 33. Bxf8 Qb1 34. Kc3 Qd3+ 35. Kb4 Qxd4 0-1


[Site "https://www.chess.com"]

[Event "Titled Tuesday Blitz August 22 Early 2023"]
[White "Melikhov, Evgeny V."]
[Black "Karamsetty, Jeevan"]
[WhiteFideId "4122046"]
[BlackFideId "2025337"]
[WhiteElo "2414"]
[BlackElo "2522"]
[Result "0-1"]
[Round "5"]
[TimeControl "180+1"]
[Date "2023.08.22"]
[WhiteClock "0:00:09"]
[BlackClock "0:00:11"]
[Board "131"]

1. d4 g6 2. c4 Bg7 3. Nc3 d6 4. e4 e5 5. d5 a5 6. Bd3 Na6 7. Nge2 Qh4 8. Be3 Bh6 9. Qd2 Bxe3 10. Qxe3 Nc5 11. Bc2 f5 12. exf5 gxf5 13. O-O-O Qxc4 14. f4 e4 15. Rd4 Qa6 16. Nxe4 fxe4 17. Bxe4 Ne7 18. Bc2 Bg4 19. Nc3 Kd7 20. Re1 Rae8 21. Qg3 Rhg8 22. Rxe7+ Rxe7 23. h3 Qf1+ 24. Nd1 Bxd1 25. Qxg8 Bxc2+ 26. Kxc2 Qf2+ 27. Rd2 Qxf4 28. Qg4+ Qxg4 29. hxg4 Re4 30. a3 Rxg4 31. Rf2 Rg7 32. b4 axb4 33. axb4 Ne4 34. Rf4 Ng5 35. Kd3 h6 36. Rf6 Nf7 37. b5 Ne5+ 38. Ke4 Rg4+ 39. Ke3 Rxg2 40. Rf8 Rg7 41. Rh8 Re7 42. Kd4 Nf3+ 43. Kd3 Ne1+ 44. Kd4 Nc2+ 45. Kc3 Ne3 46. Kd4 Nf5+ 47. Kd3 Rf7 48. b6 cxb6 49. Kc4 Ke7 50. Kb5 Kf6 51. Kxb6 Ke5 52. Re8+ Kxd5 53. Kb5 Nd4+ 54. Kb4 Rh7 55. Kc3 h5 56. Kd3 h4 57. Re1 h3 58. Rh1 h2 59. Ke3 b5 60. Kf2 b4 61. Kg2 b3 62. Rb1 h1=Q+ 0-1


[Site "https://www.chess.com"]

[Event "Titled Tuesday Blitz August 22 Early 2023"]
[White "Boraso, Alessio"]
[Black "Avazkhonov, Alikhon"]
[WhiteFideId "848077"]
[BlackFideId "14208504"]
[WhiteElo "2520"]
[BlackElo "2409"]
[Result "1-0"]
[Round "5"]
[TimeControl "180+1"]
[Date "2023.08.22"]
[WhiteClock "0:00:15"]
[BlackClock "0:00:02"]
[Board "132"]

1. b3 e5 2. Bb2 Nc6 3. e3 d5 4. Bb5 Bd6 5. Ne2 Nf6 6. d3 O-O 7. Bxc6 bxc6 8. c4 Bf5 9. Nbc3 d4 10. exd4 exd4 11. Nb1 Re8 12. O-O Bxh2+ 13. Kxh2 Ng4+ 14. Kg3 Qd6+ 15. Nf4 g5 16. Qf3 gxf4+ 17. Qxf4 Qxf4+ 18. Kxf4 Bxd3 19. Rd1 Re4+ 20. Kg3 Bxb1 21. Raxb1 Nf6 22. Rxd4 Nh5+ 23. Kf3 Rxd4 24. Bxd4 Rd8 25. Be3 Nf6 26. Bg5 Kg7 27. Re1 Rd3+ 28. Re3 Rd2 29. Re2 Rd3+ 30. Be3 Kg6 31. Rd2 Rxd2 32. Bxd2 Kf5 33. Ke3 Ng4+ 34. Kf3 Ne5+ 35. Ke3 Ng4+ 36. Kf3 Ne5+ 37. Ke2 Ke4 38. Bc3 Ng4 39. f3+ Kf5 40. fxg4+ Kxg4 41. Be1 Kf4 42. Kd3 Kg4 43. Bf2 Kf4 44. Bxa7 Kg3 45. Bb8 Kxg2 46. a4 1-0


[Site "https://www.chess.com"]